Map: Nightshade LE

Players

True

  • Race: Zerg Zerg
  • Spawn Location: 5:00

ShoWTimE - Winner!

  • Race: Protoss Protoss
  • Spawn Location: 11:00

Event: StayAtHomestory Cup #1

VOD

Have the link to the VOD?

Description

Time

  • Played on: April 10, 2020, 5:34 a.m.
  • Length: 9:25

All games in this series

Show
View Real Time Build Order
Export as new Build Order

True Zerg 

Build Orders: Hatch First 

Get SALT Encoding   

  12  0:00  Drone  
  13  0:12  Overlord  
  13  0:16  Drone  
  14  0:31  Drone x2  
  16  0:48  Hatchery  
  15  0:51  Drone  
  15  0:54  Drone  
  17  1:00  Drone  
  18  1:11  Spawning Pool  
  18  1:16  Extractor, Drone  
  17  1:19  Drone  
  18  1:28  Drone  
  19  1:39  Drone  
  20  1:47  Hatchery  
  20  1:49  Drone  
  20  2:01  Zergling x2  
  21  2:03  Queen  
  21  2:08  Drone  
  24  2:10  Drone  
  24  2:12  Drone  
  26  2:22  Queen  
  28  2:28  Overlord  
  28  2:46  Drone x3  
  28  2:48  Drone x2, Queen  
  35  2:55  Zergling x2  
  36  3:00  Zergling x2, Overlord  
  36  3:04  Queen  
  39  3:06  Zergling x2  
  36  3:30  Drone  
  36  3:31  Drone x6  
  36  3:32  Drone  
  40  3:37  Drone  
  40  3:40  Queen  
  43  3:43  Drone  
  43  3:45  Drone  
  43  3:48  Drone  
  46  3:53  Drone  
  46  3:55  Drone  
  48  3:58  Drone  
  48  4:02  Queen  
  49  4:04  Drone  
  49  4:05  Overlord  
  49  4:09  Overlord  
  50  4:12  Overlord  
  50  4:14  Drone  
  50  4:15  Drone  
  50  4:16  Drone  
  49  4:18  Drone  
  49  4:22  Overlord  
  49  4:23  Drone  
  51  4:24  Drone  
  51  4:26  Drone  
  51  4:29  Drone x2  
  55  4:33  Spore Crawler  
  55  4:35  Spore Crawler  
  55  4:38  Spore Crawler  
  52  4:39  Metabolic Boost  
  52  4:43  Queen  
  54  4:46  Drone  
  54  4:48  Drone x2  
  54  4:49  Drone  
  54  4:51  Drone  
  59  4:53  Drone x2  
  59  4:55  Extractor  
  59  4:56  Drone  
  59  4:57  Extractor  
  59  4:58  Zergling x2  
  61  5:07  Drone x4  
  59  5:09  Drone x2  
  59  5:10  Drone  
  59  5:12  Drone  
  65  5:15  Drone x2  
  65  5:18  Drone  
  65  5:20  Drone  
  66  5:23  Drone  
  66  5:25  Drone  
  66  5:26  Drone  
  69  5:34  Zergling x4, Roach Warren  
  69  5:35  Zergling x2  
  71  5:37  Zergling x4  
  71  5:40  Zergling x4  
  71  5:41  Zergling x2  
  76  5:44  Queen  
  76  5:48  Overlord  
  76  5:49  Zergling x2  
  79  5:51  Zergling x2  
  79  5:52  Zergling x2  
  79  5:53  Zergling x2  
  79  5:55  Overlord  
  82  5:57  Overlord  
  82  6:00  Overlord  
  82  6:03  Overlord  
  82  6:06  Queen  
  84  6:13  Overlord  
  84  6:17  Roach x2  
  84  6:18  Roach x2  
  92  6:21  Roach x2  
  92  6:22  Roach  
  92  6:24  Roach  
  99  6:27  Roach  
  99  6:29  Roach x2  
  99  6:31  Roach  
  103  6:37  Zergling x4  
  103  6:38  Zergling x6  
  108  6:48  Zergling x6  
  108  6:49  Zergling x4  
  108  6:51  Queen x2  
  117  6:59  Ravager x4  
  117  7:00  Ravager x2  
  123  7:01  Overlord  
  123  7:02  Zergling x8  
  123  7:03  Zergling x2  
  123  7:04  Zergling x2  
  123  7:06  Ravager  
  123  7:08  Overlord  
  130  7:09  Overlord  
  130  7:13  Zergling x2  
  130  7:16  Overlord  
  130  7:19  Overlord  
  129  7:23  Zergling x6  
  129  7:24  Ravager  
  129  7:25  Ravager  
  129  7:27  Zergling x6  
  129  7:29  Zergling x6  
  140  7:33  Zergling x4  
  140  7:34  Zergling x4  
  144  7:38  Zergling x2  
  140  7:47  Zergling x2  
  132  7:58  Zergling x14  
  137  8:09  Zergling x14  
  131  8:14  Ravager x2  
  131  8:15  Ravager  
  131  8:16  Roach  
  130  8:20  Queen x2  
  130  8:21  Queen  
  130  8:23  Zergling x2, Roach x3  
  139  8:28  Zergling x4  
  139  8:30  Zergling x2  
  136  8:35  Zergling x2  
  136  8:39  Zergling x2  
  125  8:44  Zergling x2  
  125  8:47  Zergling x2  
  118  8:48  Zergling x2  
  118  8:49  Zergling x2  
  118  8:52  Zergling x2  
  118  8:53  Zergling x8  
  116  8:59  Roach x2  
  116  9:00  Roach  
  116  9:01  Roach  
  124  9:03  Ravager, Roach x2  
  124  9:04  Roach  
Show
View Real Time Build Order
Export as new Build Order

ShoWTimE Protoss - Winner!

Build Orders: 1 Gate Expand, Oracle Opening, Archon Immortal 

Get SALT Encoding   

  12  0:00  Probe  
  13  0:12  Probe  
  14  0:18  Pylon  
  14  0:24  Probe  
  15  0:36  Probe (Chrono Boost)  
  15  0:40  Gateway  
  16  0:46  Probe (Chrono Boost), Assimilator  
  17  0:51  Probe (Chrono Boost)  
  18  1:03  Probe  
  19  1:15  Probe  
  20  1:23  Nexus  
  20  1:33  Cybernetics Core  
  20  1:35  Probe  
  21  1:41  Assimilator  
  21  1:47  Probe  
  21  1:50  Pylon  
  22  2:00  Probe  
  23  2:06  Adept (Chrono Boost)  
  23  2:12  Probe  
  26  2:21  Stargate  
  26  2:24  Probe (Chrono Boost)  
  26  2:27  Adept (Chrono Boost)  
  29  2:33  Warp Gate  
  29  2:35  Probe (Chrono Boost)  
  31  2:42  Probe (Chrono Boost)  
  32  2:44  Probe (Chrono Boost)  
  32  2:49  Probe x2 (Chrono Boost), Adept  
  36  3:00  Probe  
  36  3:01  Probe  
  36  3:03  Oracle (Chrono Boost)  
  38  3:07  Pylon  
  38  3:12  Probe  
  42  3:13  Probe  
  43  3:20  Adept  
  43  3:24  Probe  
  43  3:25  Probe  
  43  3:35  Oracle (Chrono Boost)  
  43  3:36  Probe  
  43  3:38  Probe, Gateway  
  48  3:48  Probe, Pylon  
  48  3:50  Probe  
  50  4:01  Nexus  
  50  4:02  Probe x2  
  52  4:07  Oracle (Chrono Boost)  
  55  4:14  Probe x2  
  57  4:17  Pylon  
  57  4:21  Pylon  
  57  4:22  Assimilator  
  57  4:24  Assimilator  
  57  4:26  Probe  
  57  4:27  Adept  
  60  4:33  Adept  
  60  4:35  Robotics Facility  
  60  4:37  Probe  
  63  4:38  Probe  
  63  4:41  Pylon  
  64  4:49  Probe  
  64  4:50  Probe  
  64  4:52  Sentry, Shield Battery  
  68  4:57  Zealot  
  70  5:01  Probe  
  70  5:03  Probe  
  72  5:13  Probe  
  71  5:15  Probe x2, Forge  
  71  5:16  Gateway  
  73  5:21  Sentry  
  73  5:22  Immortal (Chrono Boost), Sentry  
  73  5:25  Probe  
  73  5:27  Probe x2  
  84  5:37  Probe  
  84  5:38  Pylon  
  84  5:39  Probe x2  
  87  5:43  Twilight Council  
  87  5:48  Photon Cannon  
  87  5:49  Probe  
  88  5:50  Sentry  
  88  5:51  Probe x2  
  88  5:52  Assimilator  
  88  5:54  Assimilator, Observer  
  88  5:56  Gateway  
  93  5:57  Gateway  
  93  6:01  Probe, Protoss Ground Weapons Level 1 (Chrono Boost)  
  93  6:03  Probe  
  93  6:04  Probe  
  96  6:08  Gateway  
  96  6:10  Gateway  
  96  6:12  Gateway  
  96  6:13  Probe  
  96  6:15  Probe  
  96  6:16  Probe  
  99  6:19  Zealot  
  100  6:25  Probe  
  100  6:27  Probe  
  100  6:28  Charge (Chrono Boost)  
  100  6:31  Immortal (Chrono Boost)  
  103  6:37  Templar Archives  
  107  6:44  Shield Battery  
  106  6:52  Gateway  
  106  6:53  Gateway  
  106  6:55  Gateway, Photon Cannon  
  106  6:57  Photon Cannon  
  106  7:01  Warp Prism (Chrono Boost)  
  106  7:05  Shield Battery  
  106  7:07  Photon Cannon  
  106  7:08  Photon Cannon  
  108  7:09  Pylon  
  108  7:16  Pylon  
  108  7:17  Pylon  
  108  7:18  Photon Cannon  
  108  7:21  Photon Cannon  
  108  7:23  Shield Battery  
  108  7:27  High Templar x4  
  116  7:31  Archon x2  
  116  7:34  Immortal (Chrono Boost)  
  116  7:36  Zealot x2  
  124  7:40  Zealot  
  124  7:46  Zealot  
  124  7:53  Zealot x2  
  111  7:59  Zealot x4  
  113  8:05  Zealot x3  
  113  8:10  Immortal (Chrono Boost), Zealot  
  115  8:15  Sentry, Zealot  
  119  8:20  High Templar x2  
  119  8:21  Zealot  
  119  8:23  Shield Battery  
  119  8:25  Archon, Zealot  
  123  8:28  Zealot  
  123  8:32  Pylon  
  123  8:33  Zealot x2  
  115  8:37  Zealot x2  
  115  8:42  Zealot  
  115  8:48  Pylon  
  105  8:51  Zealot x2  
  107  8:56  Zealot x3  
  107  8:58  Zealot x2  
  121  9:03  Pylon  
  121  9:07  High Templar  
  119  9:12  High Templar x3  
  115  9:19  High Templar x3  
  115  9:20  Archon  
  119  9:21  Archon  
Tags
 
Add a new tag
Caveats
  • Supply blocks, unpowered buildings, or Contaminate may cause inaccurate times.
  • Supply counts are checked every 10 seconds.